Map: Newkirk Precinct TE (Void)

Players

NonY - Winner!

  • Race: Protoss Protoss
  • Spawn Location: 7:00

xKawaiian

  • Race: Terran Terran
  • Spawn Location: 5:00

Event: WCS Austin 2017

VOD

Have the link to the VOD?

Description

Time

  • Played on: April 28, 2017, 6:31 p.m.
  • Length: 10:37

All games in this series

Show
View Real Time Build Order
Export as new Build Order

NonY Protoss - Winner!

Build Orders: 1 Gate Expand, Blink Stalkers 

Get SALT Encoding   

  12  0:01  Probe (Chrono Boost)  
  13  0:11  Probe (Chrono Boost)  
  14  0:18  Pylon  
  14  0:23  Probe (Chrono Boost)  
  15  0:34  Assimilator  
  15  0:36  Probe (Chrono Boost)  
  16  0:43  Gateway  
  16  0:47  Probe (Chrono Boost)  
  17  0:57  Probe (Chrono Boost)  
  18  1:08  Probe (Chrono Boost)  
  19  1:20  Nexus  
  19  1:23  Probe (Chrono Boost)  
  20  1:32  Cybernetics Core  
  20  1:36  Probe (Chrono Boost)  
  21  1:41  Assimilator  
  22  1:47  Probe (Chrono Boost)  
  22  1:51  Pylon  
  22  1:57  Probe (Chrono Boost)  
  23  2:07  Adept  
  23  2:12  Mothership Core (Chrono Boost)  
  23  2:13  Warp Gate  
  26  2:30  Probe (Chrono Boost)  
  26  2:32  Probe (Chrono Boost)  
  26  2:34  Adept  
  30  2:41  Probe (Chrono Boost)  
  30  2:42  Probe (Chrono Boost)  
  30  2:43  Robotics Facility  
  32  2:51  Probe (Chrono Boost)  
  32  2:53  Probe (Chrono Boost)  
  34  3:01  Adept  
  34  3:02  Probe (Chrono Boost)  
  34  3:03  Probe (Chrono Boost)  
  39  3:13  Probe (Chrono Boost)  
  39  3:14  Probe (Chrono Boost)  
  39  3:15  Twilight Council  
  40  3:26  Warp Prism  
  40  3:28  Probe (Chrono Boost)  
  40  3:29  Probe (Chrono Boost)  
  44  3:37  Pylon  
  44  3:39  Blink  
  44  3:42  Probe (Chrono Boost)  
  44  3:43  Probe (Chrono Boost)  
  44  3:46  Forge  
  48  3:57  Probe x2 (Chrono Boost)  
  48  3:58  Assimilator  
  48  3:59  Observer  
  48  4:00  Assimilator  
  49  4:09  Probe x2 (Chrono Boost)  
  51  4:10  Pylon  
  51  4:14  Gateway  
  51  4:16  Sentry  
  53  4:21  Probe (Chrono Boost)  
  53  4:23  Pylon  
  54  4:26  Observer  
  54  4:30  Probe (Chrono Boost)  
  56  4:33  Probe (Chrono Boost)  
  57  4:41  Protoss Ground Weapons Level 1  
  57  4:42  Probe (Chrono Boost)  
  57  4:45  Stalker  
  60  4:46  Immortal  
  60  4:48  Probe (Chrono Boost), Pylon  
  65  4:58  Gateway  
  67  5:01  Probe x2 (Chrono Boost)  
  67  5:11  Gateway  
  67  5:12  Pylon  
  67  5:17  Stalker  
  67  5:18  Stalker  
  71  5:27  Immortal  
  75  5:30  Resonating Glaives  
  75  5:33  Probe (Chrono Boost)  
  75  5:34  Probe (Chrono Boost)  
  77  5:42  Pylon  
  77  5:49  Adept x2  
  81  6:03  Gateway  
  81  6:04  Pylon  
  80  6:06  Stalker  
  80  6:08  Observer  
  83  6:12  Stalker  
  83  6:13  Stalker x2  
  83  6:17  Probe x2 (Chrono Boost), Pylon  
  91  6:20  Protoss Ground Armor Level 1  
  91  6:26  Pylon  
  91  6:27  Pylon  
  93  6:33  Probe x2 (Chrono Boost)  
  93  6:35  Forge  
  93  6:43  Adept x3  
  93  6:44  Sentry  
  101  6:50  Pylon  
  101  6:52  Gateway  
  101  7:02  Protoss Ground Weapons Level 2  
  101  7:05  Adept x3  
  107  7:12  Immortal  
  110  7:31  Stalker x5  
  110  7:36  Pylon  
  110  8:02  Adept x5  
  120  8:11  Immortal  
  118  8:38  Adept x5  
  120  8:47  Nexus  
  116  8:50  Pylon  
  116  8:54  Immortal  
  121  9:04  Probe x2 (Chrono Boost)  
  121  9:05  Pylon  
  122  9:15  Stalker x5  
  122  9:16  Stalker  
  133  9:47  Observer  
  133  9:51  Sentry x3  
  140  10:04  Adept x3  
  146  10:09  Observer  
  146  10:10  Pylon  
  147  10:15  Pylon  
Show
View Real Time Build Order
Export as new Build Order

xKawaiian Terran 

Build Orders: Reaper Expand, MMM Bio 

Get SALT Encoding   

  12  0:00  SCV  
  13  0:12  SCV  
  14  0:18  Supply Depot  
  14  0:25  SCV  
  15  0:40  SCV  
  16  0:46  Refinery, Barracks  
  16  0:52  SCV  
  17  1:04  SCV  
  18  1:16  SCV  
  19  1:33  Reaper, Orbital Command  
  20  1:41  Command Center  
  20  1:55  Supply Depot  
  20  2:00  SCV  
  21  2:06  Barracks Reactor  
  21  2:12  SCV  
  22  2:23  Refinery  
  22  2:24  Factory  
  22  2:25  SCV  
  24  2:37  SCV  
  24  2:40  Supply Depot  
  24  2:49  SCV  
  25  2:54  Marine  
  25  2:55  Marine  
  25  2:56  Orbital Command  
  27  3:01  SCV  
  28  3:10  Starport  
  28  3:12  Marine  
  28  3:13  Marine, SCV  
  31  3:25  SCV  
  31  3:29  SCV  
  32  3:35  Widow Mine  
  32  3:36  Widow Mine  
  32  3:37  SCV  
  37  3:41  SCV  
  37  3:46  Medivac  
  40  3:50  Barracks, Barracks Tech Lab, SCV  
  40  3:55  SCV  
  42  3:57  Barracks  
  42  4:01  Supply Depot  
  42  4:07  SCV x2  
  44  4:10  Refinery  
  44  4:12  Stimpack  
  44  4:14  Marine  
  45  4:19  SCV  
  45  4:20  Starport Reactor  
  45  4:22  Factory Tech Lab  
  45  4:23  SCV  
  47  4:31  Supply Depot, SCV  
  47  4:32  Marine  
  47  4:38  Marine  
  47  4:47  SCV  
  47  4:50  Marine  
  47  4:51  SCV  
  50  4:53  Marine  
  50  4:55  Marine  
  50  4:56  Supply Depot  
  52  5:04  Siege Tank  
  55  5:08  Marine  
  55  5:11  Marine, SCV  
  55  5:12  Engineering Bay  
  58  5:15  SCV  
  59  5:21  Medivac  
  59  5:23  SCV  
  59  5:25  Medivac, Marine  
  59  5:27  SCV  
  66  5:31  Supply Depot  
  66  5:32  Marine  
  66  5:34  Marine  
  68  5:36  SCV  
  68  5:42  Siege Tank  
  72  5:49  Supply Depot  
  72  5:50  Barracks Reactor  
  72  5:54  SCV x2  
  74  6:01  Refinery  
  74  6:02  Terran Infantry Weapons Level 1, Marine  
  75  6:04  Marine  
  75  6:08  Liberator  
  78  6:15  Supply Depot x2  
  76  6:20  Marine  
  75  6:30  Barracks x2  
  75  6:31  Supply Depot  
  75  6:32  Marine  
  79  6:35  Combat Shields  
  79  6:43  Marine x2  
  81  6:49  Marine x2  
  81  6:51  Marine  
  81  6:53  SCV  
  81  6:54  SCV  
  86  6:56  Siege Tank  
  89  7:13  Marine  
  89  7:14  Marauder  
  92  7:16  Marine x2  
  92  7:18  Marine x2  
  92  7:21  Marine  
  95  7:28  Siege Tank  
  98  7:31  Marine  
  98  7:34  Marine x2  
  98  7:35  Marauder  
  98  7:36  Marine x2  
  105  7:39  Marine  
  106  7:49  Marine  
  95  7:52  Marine x2  
  95  7:53  Marine  
  95  7:54  Marine  
  95  7:57  Marauder, Marine  
  79  8:00  Siege Tank  
  80  8:07  Marine  
  80  8:10  Marine x2  
  80  8:11  Marine x2  
  75  8:15  Marine  
  75  8:18  Marauder  
  75  8:25  Marine  
  75  8:29  Marine x2  
  75  8:31  Medivac  
  72  8:36  Marine  
  72  8:39  Marauder, SCV x2  
  69  8:43  Marine  
  69  8:45  Marine  
  58  8:52  Marine  
  59  8:58  Medivac  
  59  9:01  Marauder  
  63  9:06  SCV x2  
  63  9:09  Marine  
  66  9:10  Marine  
  67  9:18  Marine x2, SCV  
  67  9:21  SCV  
  67  9:22  Marauder  
  73  9:27  Marine x2  
  75  9:35  Marine x2  
  75  9:36  Medivac, Marine  
  80  9:38  Medivac  
  80  9:39  Marine  
  80  9:43  Marine, SCV  
  85  9:50  Marine x2  
  87  9:57  SCV  
  88  10:01  Marine x3  
  88  10:02  SCV  
  92  10:12  Marine x2  
Tags
 
Add a new tag
Caveats
  • Supply blocks, unpowered buildings, or Contaminate may cause inaccurate times.
  • Supply counts are checked every 10 seconds.